 Dungeon Crawl Stone Soup version 0.19.1 (webtiles) character file.

235 solipse the Grave Robber (level 5, -1/36 HPs)
             Began as a Mummy Necromancer on Dec 13, 2016.
             Was an Initiate of Makhleb.
             Slain by a gnoll
             ... wielding a +0 flail
              (16 damage)
             ... on level 3 of the Dungeon.
             The game lasted 00:21:44 (3788 turns).

solipse the Grave Robber (Mummy Necromancer)        Turns: 3788, Time: 00:21:45

Health: -1/36      AC:  4    Str: 12    XL:     5   Next: 76%
Magic:  2/11       EV: 12    Int: 15    God:    Makhleb [......]
Gold:   163        SH:  0    Dex: 12    Spells: 3 memorised, 7 levels left

rFire  x . .     SeeInvis .     f - +1 short sword
rCold  + . .     Gourm    .     a - +0 robe
rNeg   + + +     Faith    .     (no shield)
rPois  ∞         Spirit   .     (no helmet)
rElec  .         Reflect  .     g - +1 cloak
rCorr  .         Harm     .     (no gloves)
MR     .....                    (no boots)
Stlth  ++........               (no amulet)
                                (no ring)
                                (no ring)

@: no status effects
A: no food or potions, fire vulnerability, cold resistance 1, negative energy
resistance 3, torment resistance, unbreathing
a: Renounce Religion


You were on level 3 of the Dungeon.
You worshipped Makhleb.
Makhleb was noncommittal.
You were not hungry.

You visited 1 branch of the dungeon, and saw 3 of its levels.

You collected 163 gold pieces.

Inventory:

Hand Weapons
 f - a +1 short sword (weapon)
 i - a +0 dagger
Missiles
 h - 13 poisoned needles
Armour
 a - a +0 robe (worn)
 g - a +1 cloak (worn)
 j - a +0 robe
Scrolls
 k - a scroll of recharging
Potions
 d - a potion of cancellation {unknown}
Books
 b - a book of Necromancy

   Spells                             Type                      Level
   a - Pain                           Necromancy                   1
   b - Animate Skeleton               Necromancy                   1
   c - Vampiric Draining              Necromancy                   3
   d - Regeneration                   Charms/Necromancy            3
   e - Animate Dead                   Necromancy                   4
   f - Control Undead                 Necromancy                   4


   Skills:
 + Level 0.4 Fighting
 + Level 0.1 Short Blades
 + Level 1.9 Dodging
 + Level 2.0 Stealth
 + Level 0.1 Unarmed Combat
 + Level 4.0 Spellcasting
 + Level 5.4 Necromancy


You had 7 spell levels left.
You knew the following spells:

 Your Spells              Type           Power        Failure   Level  Hunger
a - Pain                  Necr           ###.         1%          1    N/A
b - Animate Skeleton      Necr           N/A          1%          1    N/A
c - Vampiric Draining     Necr           ###.......   10%         3    N/A

Dungeon Overview and Level Annotations

Branches:
Dungeon (3/15)

Altars:
Makhleb

Annotations:
D:3 Philosophy's ghost, amateur VSFi


Innate Abilities, Weirdness & Mutations

You do not eat or drink.
Your flesh is vulnerable to fire.
You are immune to poison.
Your flesh is cold resistant. (rC+)
You are immune to negative energy. (rN+++)
You are immune to unholy pain and torment.
You can survive without breathing.


Message History

The gnoll shaman is severely wounded.
You closely miss the gnoll shaman.
The gnoll shaman is severely wounded.
The gnoll hits you with a flail! The gnoll shaman hits you with a whip.
You swap places.
The gnoll hits Natasha with a flail!
Natasha claws the gnoll.
The gnoll shaman invokes the aid of its god against you.
Natasha is outlined in light.
You swap places.
The gnoll hits Natasha with a flail!
The gnoll shaman hits Natasha with a whip.
Natasha claws the gnoll.
The gnoll barely misses Natasha.
The gnoll shaman calls upon its god to heal the gnoll.
The gnoll is healed somewhat.
The gnoll hits Natasha with a flail!
Natasha is destroyed!
The gnoll hits your bat skeleton with a flail!
Your bat skeleton is destroyed!
There is a stone staircase leading down here.
The gnoll shaman calls upon its god to heal the gnoll.
The gnoll's wounds heal themselves!
The gnoll hits you with a flail!
You die...

#.## ... #.#
##. ###.### #
#.$...#
#.#.#.###
#.#.....#
#.###.#.#
#.###g#.#
#@g...#ggg.....
###########.###


You could see a gnoll shaman and a gnoll.

Vanquished Creatures
  A hound (D:2)
  Jessica (D:3)
  Natasha (twice) (D:3)
  4 adders (D:2)
  A gnoll (D:3)
  An ooze (D:1)
  A worm (D:3)
  5 dart slugs
  An orc (D:2)
  A ball python (D:2)
  5 giant cockroaches
  7 goblins
  8 hobgoblins
  4 jackals (D:1)
  5 bats
  10 frilled lizards
  6 kobolds
  7 rats
70 creatures vanquished.

Notes
Turn   | Place    | Note
-------+----------+-------------------------------------------
     0 | D:1      | solipse the Mummy Necromancer began the quest for the Orb.
     0 | D:1      | Reached XP level 1. HP: 13/13 MP: 3/3
     2 | D:1      | Learned a level 1 spell: Animate Skeleton
   552 | D:1      | Reached XP level 2. HP: 19/19 MP: 0/5
   916 | D:1      | Reached XP level 3. HP: 17/24 MP: 0/6
  2080 | D:2      | Reached XP level 4. HP: 27/30 MP: 1/8
  2158 | D:2      | Reached skill level 5 in Necromancy
  2395 | D:2      | Learned a level 3 spell: Vampiric Draining
  2750 | D:2      | Found a burning altar of Makhleb.
  2760 | D:2      | Became a worshipper of Makhleb the Destroyer
  2916 | D:3      | Noticed Jessica
  2927 | D:3      | Killed Jessica
  2927 | D:3      | Reached XP level 5. HP: 27/36 MP: 0/10
  3002 | D:3      | Noticed Philosophy's ghost (amateur VSFi)
  3613 | D:3      | Noticed Natasha
  3623 | D:3      | Killed Natasha
  3685 | D:3      | Noticed Natasha
  3740 | D:3      | Killed Natasha
  3788 | D:3      | Slain by a gnoll

Skill      XL: |  1  2  3  4  5 |
---------------+----------------+-----
Necromancy     | 5 |  5.4
Spellcasting   | 3 4 |  4.0
Stealth        | 2 |  2.0
Fighting       | |  0.4
Short Blades   | |  0.1
Dodging        | |  1.9
Unarmed Combat | |  0.1

Action                   |  1- 3 |  4- 6 || total
-------------------------+-------+-------++-------
Melee: Unarmed           |    40 |       ||    40
       Short sword       |     7 |    21 ||    28
 Cast: Pain              |    70 |    70 ||   140
       Animate Skeleton  |     2 |     2 ||     4
  Use: Scroll            |       |     8 ||     8
Armor: Robe              |    13 |    27 ||    40
Dodge: Dodged            |    50 |    49 ||    99
